 Dungeon Crawl Stone Soup version 0.27-a0-899-ge2d0b17c59 (webtiles) character file.

Game seed: 7911117777035540352

56 chippings the Gusty (level 3, -5/20 HPs)
             Began as a Tengu Air Elementalist on Apr 5, 2021.
             Slain by Terence
             ... wielding a +0 mace
              (7 damage)
             ... on level 2 of the Dungeon.
             The game lasted 00:05:58 (1990 turns).

chippings the Gusty (Tengu Air Elementalist)        Turns: 1990, Time: 00:05:58

Health: -5/20      AC:  2    Str:  9    XL:     3   Next: 95%
Magic:  2/7        EV: 12    Int: 15    God:
Gold:   20         SH:  0    Dex: 14    Spells: 0/6 levels left

rFire    . . .     SeeInvis .   f - +1 dagger (elec)
rCold    . . .     Faith    .   (no shield)
rNeg     . . .     Spirit   .   a - +0 robe
rPois    .         Reflect  .   (helmet restricted)
rElec    .         Harm     .   (no cloak)
rCorr    .         Rampage  .   (no gloves)
Will     .....                  (boots unavailable)
Stlth    ++........             (no amulet)
HPRegen  0.06/turn              (no ring)
MPRegen  0.10/turn              (no ring)

@: swift, very quick
A: beak, talons 3
a: no special abilities


You were on level 2 of the Dungeon.
You visited 1 branch of the dungeon, and saw 2 of its levels.

You collected 20 gold pieces.

Inventory:

Hand Weapons
 f - a +1 dagger of electrocution (weapon)
Armour
 a - a +0 robe (worn)
 d - a +0 leather armour
Scrolls
 c - a scroll of acquirement {unknown}
 g - a scroll of teleportation {unknown}
Potions
 b - a potion of curing {unknown}
 e - a potion of attraction {unknown}
 h - a potion of might {unknown}


   Skills:
 + Level 1.3 Fighting
 + Level 0.2 Short Blades
 - Level 2.1 Dodging
 - Level 2.0 Stealth
 - Level 2.0 Spellcasting
 + Level 3.1 Conjurations
 + Level 5.0 Air Magic


You couldn't memorise any spells.
You knew the following spells:

 Your Spells              Type           Power      Damage    Failure   Level
a - Shock                 Conj/Air       52%        1d6       4%          1
b - Swiftness             Air            16%        N/A       4%          2
c - Static Discharge      Conj/Air       13%        N/A       12%         3

Your spell library contained the following spells:

 Spells                   Type           Power      Damage    Failure   Level
 Airstrike                Air            8%         N/A       28%         4
 Confusing Touch          Hex            1%         N/A       54%         3
 Gell's Gravitas          Tloc           0%         N/A       54%         3
 Lightning Bolt           Conj/Air       6%         1d18      75%         5
 Petrify                  Tmut/Erth      1%         N/A       91%         4
 Metabolic Englaciation   Hex/Ice        0%         N/A       99%         5
 Yara's Violent Unravell  Hex/Tmut       0%         3d3       99%         5


Dungeon Overview and Level Annotations

Branches:
Dungeon (2/15)

Altars:
Fedhas

Shops:
D:1 ?

Annotations:
D:2 Terence


Innate Abilities, Weirdness & Mutations

You have a beak for a mouth.
You have claws for feet.


Message History

You kill the goblin!
The zap hits Terence.
Terence is lightly wounded.
The zap hits Terence but does no damage.
Terence is lightly wounded.
Casting: Shock (safe; 4% risk of failure)
Confirm with . or Enter, or press ? or * to list all spells.
Aiming: Shock (safe; 4% risk of failure)
Press: ? - help, Shift-Dir - straight line The zap hits Terence.
Terence is moderately wounded.
The zap hits Terence but does no damage.
Terence is moderately wounded.
Unknown command.
Casting: Shock (safe; 4% risk of failure)
Confirm with . or Enter, or press ? or * to list all spells.
Aiming: Shock (safe; 4% risk of failure)
Press: ? - help, Shift-Dir - straight line
Okay, then.
Your magical contamination has completely faded away.
Casting: Shock (safe; 4% risk of failure)
Confirm with . or Enter, or press ? or * to list all spells.
Aiming: Shock (safe; 4% risk of failure)
Press: ? - help, Shift-Dir - straight line The zap hits Terence.
Terence is heavily wounded.
The zap hits Terence.
Terence is heavily wounded.
Terence hits you with a +0 mace.
You barely miss Terence. You claw Terence.
Terence is severely wounded.
Terence hits you with a +0 mace!
You hit Terence. You peck Terence, but do no damage.
Terence is almost dead.
Terence hits you with a +0 mace.
* * * LOW HITPOINT WARNING * * *
Casting: Shock (safe; 4% risk of failure)
Confirm with . or Enter, or press ? or * to list all spells.
You feel quick. Terence hits you with a +0 mace!
You die...

#...###..# .....
##........# ##......
#..#......# ##..# #.
##.######..###...# #
#########..# #........#
..........## ##.......# #
.########.# #.####..# ##
#>########.###...####.
#...@@................
#..######.....#)).....
#####..######.###......###
#..)................####
#.###..######.###...# #.(#
##...##.#.##
...####..#...###.##
###:.....###.## ##.## ####
#..#(## ##.#


You could see Terence.

Vanquished Creatures
  2 dart slugs
  3 ball pythons
  8 endoplasms
  A giant cockroach (D:1)
  2 goblins (D:2)
  5 hobgoblins
  5 jackals (D:1)
  5 kobolds
  A quokka (D:2)
  5 bats (D:1)
  2 frilled lizards
  7 rats (D:1)
46 creatures vanquished.

Notes
Turn   | Place    | Note
-------+----------+-------------------------------------------
     0 | D:1      | chippings the Tengu Air Elementalist began the quest for
                  | the Orb.
     0 | D:1      | Reached XP level 1. HP: 10/10 MP: 4/4
   185 | D:1      | Reached XP level 2. HP: 12/15 MP: 3/6
   421 | D:1      | Learned a level 2 spell: Swiftness
   691 | D:1      | Found Senink's Magic Scroll Shoppe.
   704 | D:1      | Reached XP level 3. HP: 20/20 MP: 5/7
   767 | D:1      | Learned a level 3 spell: Static Discharge
   930 | D:1      | Reached skill level 1 in Fighting
  1357 | D:2      | Found a blossoming altar of Fedhas.
  1543 | D:2      | Reached skill level 5 in Air Magic
  1979 | D:2      | Noticed Terence
  1990 | D:2      | Slain by Terence

Illustrated notes

Levels and vault maps discovered:
D:1:      eino_arrival_water_star, layout_rooms, serial_shops, shop,
          minivault_19, minmay_quantized
D:2:      layout_loops_ring, basic_altar, kennysheep_nondescript,
          hangedman_decor_growths, uniq_crazy_yiuf_cottage, uniq_terence

Skill      XL: |  1  2  3 |
---------------+----------+-----
Conjurations   | 2 3 |  3.1
Fighting       | 1 |  1.3
Air Magic      | 5 |  5.0
Short Blades   | |  0.2
Dodging        | |  2.1
Stealth        | |  2.0
Spellcasting   | |  2.0

Action                   || total
-------------------------++-------
Melee: Short sword       ||    18
       Peck              ||     4
       Dagger            ||    18
       Kick              ||     8
 Cast: Shock             ||    63
       Swiftness         ||     1
Armor: Robe              ||    10
Dodge: Dodged            ||    51

Table legend: (Time is in decaauts)
 A = Elapsed time spent in this place.
 B = Non-inter-level travel time spent in this place.
 C = Inter-level travel time spent in this place.
 D = Time resting spent in this place.
 E = Time spent auto-exploring this place.
 F = Levels seen in this place.
 G = Mean time per level.
                   A        B        C        D        E       F      G
               +--------+--------+--------+--------+--------+-----+--------+
         Total |   1992 |   1992 |      0 |      0 |   1426 |   2 |  996.0 |
       Dungeon |   1992 |   1992 |      0 |      0 |   1426 |   2 |  996.0 |
               +--------+--------+--------+--------+--------+-----+--------+

Top non-repeatable levels by time:
     D:1: 1235 daAuts
     D:2: 757 daAuts
